 Dungeon Crawl Stone Soup version 0.31-a0-255-g9c3d1c461a (webtiles) character file.

Game seed: 7930130626957349237

506 qw the Shooter (level 7, -4/43 HPs)
             Began as a Gargoyle Hexslinger on July 12, 2023.
             Slain by Edmund
             ... wielding a +0 flail of protection
              (5 damage)
             ... on level 5 of the Dungeon.
             The game lasted 00:01:41 (3659 turns).

qw the Shooter (Gargoyle Hexslinger)                Turns: 3659, Time: 00:01:42

Health: -4/43      AC: 12    Str: 12    XL:     7   Next: 18%
Magic:  8/8        EV: 10    Int: 13    God:
Gold:   208        SH:  0    Dex: 14    Spells: 7/8 levels left

rFire   . . .        Y - +1 sling
rCold   . . .        (no shield)
rNeg    + . .        b - +0 ring mail
rPois   inf          g - +0 helmet
rElec   +            (no cloak)
rCorr   .            h - +0 pair of gloves
SInv    .            (no boots)
Will    .....        (no amulet)
Stlth   +            (no ring)
HPRegen 0.27/turn    (no ring)
MPRegen 0.11/turn

%: no passive effects
@: no status effects
A: sickness immunity, AC +4, negative energy resistance 1, electricity
resistance, torment resistance 1, petrification resistance
a: no special abilities


You were on level 5 of the Dungeon.
You visited 1 branch of the dungeon, and saw 5 of its levels.

You collected 334 gold pieces.
You spent 126 gold pieces at shops.


Innate Abilities, Weirdness & Mutations

You are immune to sickness and miasma.
Your stone body is resilient. (AC +4)
You are immune to poison.
You resist negative energy. (rN+)
You are resistant to electric shocks. (rElec)
You are resistant to unholy torment.
You are immune to petrification.


   Skills:
 - Level 4.1 Fighting
 + Level 6.4 Ranged Weapons
 - Level 1.0 Armour
 - Level 1.5 Dodging
 - Level 1.0 Spellcasting
 - Level 2.6 Hexes


You had 7 spell levels left.
You knew the following spells:

 Your Spells              Type           Power      Damage    Failure   Level
a - Slow                  Hex            28%        N/A       22%         1

Your spell library contained the following spells:

 Spells                   Type           Power      Damage    Failure   Level
 Inner Flame              Hex/Fire       4%         N/A       73%         3
 Portal Projectile        Hex/Tloc       8%         N/A       73%         3
 Cause Fear               Hex            3%         N/A       91%         4

Inventory:

Hand Weapons
 Y - a +1 sling (weapon)
Armour
 b - a +0 ring mail (worn)
 g - a +0 helmet (worn)
 h - a +0 pair of gloves (worn)
Scrolls
 a - 4 scrolls of identify
Potions
 d - a potion of enlightenment
 e - a potion of curing

Dungeon Overview and Level Annotations

Branches:
Dungeon (5/15)
 Temple: D:4-7

Altars:
Hepliaklqana
Makhleb
Okawaru
Zin

Shops:
D:3 :   D:4 [=((:   D:5 *

Annotations:
D:5 Edmund


Message History

Edmund misses you.
You shoot a sling bullet. The sling bullet closely misses Edmund.
Edmund hits you with a +0 flail of protection!
You shoot a sling bullet. The sling bullet closely misses Edmund.
Edmund hits you with a +0 flail of protection.
Edmund hits you but does no damage.
You shoot a sling bullet. The sling bullet barely misses Edmund.
Edmund completely misses you.
You shoot a sling bullet. The sling bullet closely misses Edmund.
Edmund hits you but does no damage.
You shoot a sling bullet.
The sling bullet hits Edmund but does no damage.
Edmund is heavily wounded.
Edmund barely misses you.
You shoot a sling bullet. The sling bullet barely misses Edmund.
Edmund hits you but does no damage. Edmund barely misses you.
You shoot a sling bullet. The sling bullet barely misses Edmund.
Edmund hits you with a +0 flail of protection.
You shoot a sling bullet.
The sling bullet hits Edmund but does no damage.
Edmund is heavily wounded.
Edmund barely misses you.
You shoot a sling bullet. The sling bullet hits Edmund.
Edmund is heavily wounded.
Edmund hits you but does no damage.
You shoot a sling bullet. The sling bullet hits Edmund.
Edmund is severely wounded.
Edmund says, "I might not be good at magic, but I can still kill you!"
Edmund hits you but does no damage. x2
You shoot a sling bullet.
The sling bullet hits Edmund but does no damage.
Edmund is severely wounded.
Edmund barely misses you.
You shoot a sling bullet. The sling bullet closely misses Edmund.
Edmund hits you with a +0 flail of protection!
You shoot a sling bullet.
The sling bullet hits Edmund but does no damage.
Edmund is heavily wounded.
Edmund hits you with a +0 flail of protection.
You die...

#.....## #.##.......
#.....# #.##.......
##.....### #..........
##..###...######.......
#..##}##...............
....#_#................
..##.....###.....#######
#................+
#....@@...#.....#
###......##.....#
....#.....##.....# ####
... ###...##.....# .....
. #...##.....# ..?..
<#.........##.....
######.............
###.............
.................


You could see Edmund.

Vanquished Creatures
  A water moccasin (D:4)
  A black bear (D:5)
  A phantom (D:4)
  An orc priest (D:4)
  Terence (D:2)
  2 orc wizards (D:3)
  3 adders
  2 shadow imps (D:5)
  A white imp (D:3)
  2 ufetubi
  4 worms
  2 dart slugs
  7 orcs
  7 ball pythons
  3 bats
  4 endoplasms
  A giant cockroach (D:1)
  7 goblins
  5 hobgoblins
  3 jackals (D:3)
  2 kobolds (D:4)
  4 quokkas
  3 frilled lizards
  4 rats
71 creatures vanquished.

Notes
Turn   | Place    | Note
-------+----------+-------------------------------------------
     0 | D:1      | qw the Gargoyle Hexslinger began the quest for the Orb.
     0 | D:1      | Reached XP level 1. HP: 12/12 MP: 2/2
     0 | D:1      | 0 ||| qw: Version: 0.3-a-52-g30416fa
     0 | D:1      | 0 ||| qw: Game counter: 6724
     0 | D:1      | 0 ||| qw: Melee chars always use a shield: true
     0 | D:1      | 0 ||| qw: God list: Okawaru
     0 | D:1      | 0 ||| qw: Allow faded altars: false
     0 | D:1      | 0 ||| qw: Do Orc after clearing Dungeon:15 true
     0 | D:1      | 0 ||| qw: Do second Lair branch before Depths: true
     0 | D:1      | 0 ||| qw: Lair rune preference: random
     0 | D:1      | 0 ||| qw: Goals: Normal
     0 | D:1      | 0 ||| PLANNING D:1-11
    41 | D:1      | HP: 3/12 [quokka (3)]
   101 | D:1      | Reached XP level 2. HP: 16/16 MP: 3/3
   285 | D:1      | Reached skill level 3 in Ranged Weapons
   403 | D:1      | Found a faded altar of an unknown god.
   691 | D:1      | 691 ||| UPGRADING to +0 leather armour.
   701 | D:1      | 701 ||| DROPPING +0 robe.
   702 | D:1      | 702 ||| READING 2 scrolls labelled EGISSU IMPY.
   703 | D:1      | 703 ||| READING scroll labelled ZEOBAE CUSENK.
   704 | D:1      | 704 ||| DROPPING scroll of poison.
   737 | D:2      | HP: 3/16 [worm (6)]
   753 | D:2      | 753 ||| FLEEEEING.
   756 | D:2      | 756 ||| STAIRDANCE
   808 | D:2      | Reached XP level 3. HP: 21/21 MP: 4/4
   814 | D:2      | Noticed Terence
   827 | D:2      | Killed Terence
   949 | D:2      | Reached XP level 4. HP: 26/26 MP: 5/5
  1069 | D:2      | Reached skill level 4 in Ranged Weapons
  1078 | D:2      | HP: 6/26 [worm (5)]
  1374 | D:2      | 1374 ||| DROPPING ring of wizardry.
  1375 | D:2      | 1375 ||| READING scroll labelled CYTEMI EWUOS.
  1376 | D:2      | 1376 ||| READING scroll labelled SAOPAU KISIRITSAI.
  1377 | D:2      | 1377 ||| READING 5 scrolls of identify.
  1377 | D:2      | 1377 ||| IDENTIFYING purple potion
  1378 | D:2      | 1378 ||| READING 4 scrolls of identify.
  1378 | D:2      | 1378 ||| IDENTIFYING viscous blue potion
  1379 | D:2      | 1379 ||| DROPPING potion of brilliance.
  1380 | D:2      | 1380 ||| DROPPING potion of berserk rage.
  1548 | D:3      | Reached XP level 5. HP: 25/30 MP: 6/6
  1779 | D:3      | Reached skill level 5 in Ranged Weapons
  2040 | D:3      | Noticed a walking divine tome
  2041 | D:3      | Found Wexaonki's Book Shop.
  2041 | D:3      | Noticed a walking earthen tome
  2239 | D:3      | Found a hazy altar of Hepliaklqana.
  2318 | D:4      | Found Tabeh's Book Shop.
  2326 | D:4      | 2326 ||| FLEEEEING.
  2327 | D:4      | 2327 ||| FLEEEEING.
  2329 | D:4      | 2329 ||| FLEEEEING.
  2330 | D:4      | 2330 ||| FLEEEEING.
  2331 | D:4      | 2331 ||| FLEEEEING.
  2332 | D:4      | 2332 ||| FLEEEEING.
  2333 | D:4      | 2333 ||| FLEEEEING.
  2334 | D:4      | 2334 ||| FLEEEEING.
  2335 | D:4      | 2335 ||| FLEEEEING.
  2336 | D:4      | 2336 ||| FLEEEEING.
  2337 | D:4      | 2337 ||| FLEEEEING.
  2338 | D:4      | 2338 ||| STAIRDANCE
  2340 | D:4      | 2340 ||| STAIRDANCE
  2447 | D:3      | 2447 ||| READING scroll labelled SIHENI DUEBEY.
  2460 | D:4      | Reached skill level 3 in Fighting
  2480 | D:4      | 2480 ||| FLEEEEING.
  2481 | D:4      | 2481 ||| FLEEEEING.
  2487 | D:4      | 2487 ||| FLEEEEING.
  2488 | D:4      | 2488 ||| FLEEEEING.
  2489 | D:4      | 2489 ||| FLEEEEING.
  2490 | D:4      | 2490 ||| FLEEEEING.
  2491 | D:4      | 2491 ||| FLEEEEING.
  2492 | D:4      | 2492 ||| STAIRDANCE
  2575 | D:4      | Found an iron altar of Okawaru.
  2576 | D:4      | 2576 ||| PLANNING OKAWARU WORSHIP
  2576 | D:4      | 2576 ||| UPGRADING to +0 ring mail.
  2586 | D:4      | 2586 ||| DROPPING +0 leather armour.
  2587 | D:4      | 2587 ||| READING scroll labelled POEHYCRYWIM.
  2590 | D:4      | 2590 ||| PLANNING D:1-11
  2590 | D:4      | 2590 ||| Stepping randomly (stuck).
  2625 | D:4      | Found Vyunebimepn's Antique Weapon Boutique.
  2696 | D:4      | Reached skill level 1 in Armour
  2696 | D:4      | Reached XP level 6. HP: 36/37 MP: 7/7
  2752 | D:4      | Found Kaweann's Antique Weapon Boutique.
  2895 | D:4      | Noticed a water moccasin
  2903 | D:4      | Killed a water moccasin
  2904 | D:4      | Reached skill level 6 in Ranged Weapons
  3023 | D:4      | Found a burning altar of Makhleb.
  3176 | D:4      | Found Tyesch's Armour Shop.
  3184 | D:4      | 3184 ||| BUYING +0 helmet (63 gold).
  3184 | D:4      | Bought a +0 helmet for 63 gold pieces
  3184 | D:4      | 3184 ||| BUYING +0 pair of gloves (63 gold).
  3184 | D:4      | Bought a +0 pair of gloves for 63 gold pieces
  3184 | D:4      | 3184 ||| SHOPLISTING +2 helmet (231 gold, have 87).
  3184 | D:4      | 3184 ||| SHOPLISTING +2 leather armour of willpower (266
                  | gold, have 87).
  3209 | D:4      | Found Qautsol's Jewellery Shoppe.
  3228 | D:4      | 3228 ||| SHOPLISTING +5 ring of evasion (468 gold, have
                  | 181).
  3228 | D:4      | 3228 ||| SHOPLISTING +6 ring of dexterity (468 gold, have
                  | 181).
  3228 | D:4      | 3228 ||| SHOPLISTING amulet "Juefryr" {Spirit Regen+ Dex+3
                  | Slay+2} (672 gold, have 181).
  3228 | D:4      | 3228 ||| SHOPLISTING amulet of faith (520 gold, have 181).
  3228 | D:4      | 3228 ||| SHOPLISTING amulet of the acrobat (390 gold, have
                  | 181).
  3228 | D:4      | 3228 ||| SHOPLISTING ring of ice (325 gold, have 181).
  3228 | D:4      | 3228 ||| SHOPLISTING ring of positive energy (260 gold,
                  | have 181).
  3309 | D:4      | 3309 ||| UPGRADING to +0 helmet.
  3314 | D:4      | 3314 ||| UPGRADING to +0 pair of gloves.
  3319 | D:4      | 3319 ||| READING 2 scrolls labelled KIBUUTS COSUV.
  3320 | D:4      | 3320 ||| READING scroll labelled EROPSA IRIL.
  3321 | D:4      | 3321 ||| READING 5 scrolls of identify.
  3321 | D:4      | 3321 ||| IDENTIFYING bubbling amethyst potion
  3322 | D:4      | 3322 ||| READING 4 scrolls of identify.
  3322 | D:4      | 3322 ||| IDENTIFYING ruby potion
  3323 | D:4      | 3323 ||| DROPPING scroll of amnesia.
  3330 | D:5      | Entered Level 5 of the Dungeon
  3357 | D:5      | HP: 8/37 [shadow imp (2)]
  3362 | D:5      | HP: 8/37 [ufetubus (2)]
  3503 | D:5      | Noticed a black bear
  3514 | D:5      | Killed a black bear
  3515 | D:5      | Reached XP level 7. HP: 37/43 MP: 8/8
  3611 | D:5      | Found a glowing silver altar of Zin.
  3612 | D:5      | Found Zin's Purification Station.
  3617 | D:5      | Noticed Edmund
  3647 | D:5      | HP: 10/43 [Edmund/+0 flail of protection (9)]
  3653 | D:5      | HP: 8/43 [Edmund/+0 flail of protection (3)]
  3658 | D:5      | HP: 1/43 [Edmund/+0 flail of protection (9)]
  3659 | D:5      | Slain by Edmund

Levels and vault maps discovered:
D:1:      minmay_arrival_four_circles, layout_loops_ring, basic_ecumenical_altar
D:2:      layout_rooms, uniq_terence
D:3:      layout_basic, mainiacjoe_overflow_tiny_flanked, serial_shops,
          nicolae_shop_mannequins
D:4:      layout_basic, overflow_temple_1_default,
          nicolae_overflow_crystal_walls, serial_shops, nicolae_stop_n_shop_2,
          shop, shop_coins, nicolae_shop_tiny_glass, nicolae_shop_trees,
          minivault_19, kennysheep_generic_room_3
D:5:      layout_basic, zin_purify, mainiacjoe_overflow_boulevard, uniq_edmund

Skill      XL: |  1  2  3  4  5  6 |
---------------+-------------------+-----
Ranged Weapons | 3 4 5 6 |  6.4
Fighting       | 2 3 4 |  4.1
Armour         | 1 |  1.0
Dodging        | |  1.5
Spellcasting   | |  1.0
Hexes          | |  2.6

Action                     |  1- 3 |  4- 6 |  7- 9 || total
---------------------------+-------+-------+-------++-------
   Fire: Sling             |    86 |   253 |    49 ||   388
    Use: Scroll            |     2 |    10 |       ||    12
 Armour: Robe              |    11 |       |       ||    11
         Leather armour    |     1 |    48 |       ||    49
         Ring mail         |       |    64 |    19 ||    83
  Dodge: Dodged            |    32 |   116 |    16 ||   164

Table legend:
 A = Non-vault XP
 B = Vault XP
 C = Vault XP percentage of total XP
 D = Non-vault monster count
 E = Vault monster count
 F = Vault count percentage of total count
                 A         B        C        D         E       F
            +---------+---------+-------+---------+---------+-------
      Total |     687 |      36 |   5.0 |      70 |       1 |   1.4
            +---------+---------+-------+---------+---------+-------
        D:1 |      27 |       0 |   0.0 |      15 |       0 |   0.0
        D:2 |      49 |      36 |  42.4 |      14 |       1 |   6.7
        D:3 |     139 |       0 |   0.0 |      24 |       0 |   0.0
        D:4 |     316 |       0 |   0.0 |      12 |       0 |   0.0
        D:5 |     156 |       0 |   0.0 |       5 |       0 |   0.0
            +---------+---------+-------+---------+---------+-------
